 Dungeon Crawl Stone Soup version 0.21-a0-531-gacddea6 (webtiles) character file.

5471 slep the Carver (level 10, -5/53 HPs)
             Began as a Vine Stalker Gladiator on Dec 14, 2017.
             Was an Initiate of Okawaru.
             Slain by an unseen horror (9 damage)
             ... on level 7 of the Dungeon.
             The game lasted 00:27:36 (5281 turns).

slep the Carver (Vine Stalker Gladiator)            Turns: 5281, Time: 00:27:37

Health: -5/53      AC:  6    Str: 20    XL:     10   Next: 69%
Magic:  0/11       EV: 15    Int:  8    God:    Okawaru [......]
Gold:   409        SH:  0    Dex: 16    Spells: 9/9 levels left

rFire    . . .     SeeInvis .   a - +0 long sword
rCold    . . .     Gourm    .   (no shield)
rNeg     + . .     Faith    +   b - +0 leather armour
rPois    .         Spirit   +   c - +0 helmet
rElec    .         Reflect  .   (no cloak)
rCorr    .         Harm     .   L - +0 pair of gloves
MR       +....                  (no boots)
Stlth    +++.......             E - amulet of faith
HPRegen  0.57/turn              n - +5 ring of slaying
MPRegen  0.12/turn              v - ring of positive energy

@: lethally poisoned (-5 -> -6)
A: fangs 3, regeneration 1, magic shield, antimagic bite, no potion heal 3, rot
immunity
a: Renounce Religion


You were on level 7 of the Dungeon.
You worshipped Okawaru.
Okawaru was noncommittal.
You were not hungry.

You visited 2 branches of the dungeon, and saw 8 of its levels.
You also visited: Sewer.

You collected 409 gold pieces.

Inventory:

Hand Weapons
 a - a +0 long sword (weapon)
 x - a +2 spear of chaos
 y - a +2 dagger of chaos
 z - a +0 spear of chaos
 A - a +1 spear of chaos
Missiles
 d - 4 throwing nets
 P - 4 javelins (quivered)
Armour
 b - a +0 leather armour (worn)
 c - a +0 helmet (worn)
 L - a +0 pair of gloves (worn)
Jewellery
 n - a +5 ring of slaying (left hand)
 v - a ring of positive energy (right hand)
 C - a +1 ring of evasion
 D - an uncursed ring of resist corrosion
 E - an amulet of faith (around neck)
 M - an uncursed amulet of magic regeneration
 O - an uncursed ring of fire {unknown}
Wands
 s - a wand of flame (62)
 t - a wand of digging (14)
 u - a wand of enslavement (21)
 R - a wand of paralysis (9)
 S - a wand of disintegration (16)
Scrolls
 e - 3 scrolls of amnesia {unknown}
 i - 6 scrolls of identify {unknown}
 l - 3 scrolls of remove curse {unknown}
 m - a scroll of enchant weapon {unknown}
 r - 2 scrolls of immolation {unknown}
 B - a scroll of magic mapping {unknown}
 I - 2 scrolls of teleportation {unknown}
Potions
 g - 5 potions of curing
 h - a potion of might
 k - 3 potions of heal wounds
 o - a potion of brilliance
 q - a potion of flight
 G - 2 potions of mutation {unknown}
 H - a potion of invisibility {unknown}
 J - 2 potions of agility {unknown}
 K - a potion of haste {unknown}
 N - a potion of lignification {unknown}
Books
 j - a book of Callings

   Spells                             Type                      Level
   a - Summon Small Mammal            Summoning                    1
   b - Call Imp                       Summoning                    2
   c - Call Canine Familiar           Summoning                    3
   d - Summon Guardian Golem          Hexes/Summoning              3
   e - Summon Lightning Spire         Summoning/Air                4
   f - Summon Ice Beast               Ice/Summoning                4
 F - a book of Party Tricks

   Spells                             Type                      Level
   a - Summon Butterflies             Summoning                    1
   b - Apportation                    Translocation                1
   c - Lesser Beckoning               Translocation                3
   d - Tukima's Dance                 Hexes                        3
   e - Alistair's Intoxication        Transmutation/Poison         5
   f - Invisibility                   Hexes                        6
Comestibles
 f - 6 bread rations
 p - 7 royal jellies
 w - 3 meat rations


   Skills:
 + Level 6.1 Fighting
 + Level 10.1 Long Blades
 + Level 2.4 Throwing
 + Level 4.7 Armour
 + Level 5.0 Dodging
 + Level 6.2 Stealth


You had 9 spell levels left.
You didn't know any spells.

Dungeon Overview and Level Annotations

Branches:
Dungeon (7/15)             Temple (1/1) D:7

Altars:
Cheibriados
Dithmenos
Fedhas
Gozag
Makhleb
Nemelex Xobeh
Okawaru
Qazlal
Sif Muna
Trog
Vehumet
Wu Jian
Xom
The Shining One


Innate Abilities, Weirdness & Mutations

You have razor-sharp teeth.
Your natural rate of healing is unusually fast.
When hurt, damage is shared between your health and your magic reserves.
Your bite disrupts and absorbs the magic of your enemies.
Potions cannot restore your health.
You are immune to rotting.


Message History

You miss the sky beast.
The sky beast is moderately wounded.
Something hits you but does no damage. The water moccasin barely misses you.
You riposte.
You completely miss the water moccasin. Something closely misses you.
The sky beast misses you. Something barely misses you.
The water moccasin closely misses you.
The sky beast flickers out of sight!
The water moccasin bites you.
You are poisoned.
The water moccasin poisons you!
You feel sick. Something hits you but does no damage.
You feel sick. Something hits you.
* * * LOW HITPOINT WARNING * * *
The water moccasin bites you but does no damage.
You feel sick. Something hits you but does no damage.
You feel sick. Something hits you!
* * * LOW HITPOINT WARNING * * *
Something hits you.
* * * LOW HITPOINT WARNING * * *
Something hits you!
You die...

.....### #..# ########
.##...### #..# .###....# #..#
.####.#.###..# ....#.#.....)#
......###...[###########
#####.....##)÷.<.......#######
#####.........######.....?....
..8##......#...†@.#...........
...##.....>#.####.S{..........
>..##..#.#...## ##............
...##.##.#.#..## #............
..8##.##.#.....###............
'#######..#.....#####.>%......
.## ##.##.##########.......
§≈## #.##.# ###_### .....$.
≈≈≈######.##.###.....# #######


You could see a water moccasin.

Vanquished Creatures
  A centaur warrior (D:5)
  Pikel (D:4)
  A troll (D:5)
  Prince Ribbit (D:7)
  A hippogriff (D:7)
  Sigmund (D:5)
  A yak (D:7)
  3 hogs (D:7)
  A human (D:7)
  Menkaure (D:7)
  A water moccasin (D:7)
  An orc warrior (D:6)
  2 ice beasts (D:5)
  A slave (D:4)
  A sky beast (D:5)
  A phantom (D:7)
  2 centaurs
  2 ogres (D:6)
  A big kobold (Sewer)
  3 bullfrogs
  A wyvern zombie (D:7)
  A water moccasin skeleton (D:5)
  2 scorpions (D:4)
  9 killer bees (D:7)
  4 crimson imps
  2 hounds
  A bullfrog zombie (D:5)
  A jelly (D:6)
  2 orc priests
  Ijyb (D:3)
  A gnoll shaman (D:2)
  4 orc wizards
  Terence (D:3)
  6 worker ants
  A hound skeleton (D:5)
  2 worker ant zombies (D:6)
  12 gnolls
  A howler monkey skeleton (D:5)
  12 adders
  A shadow imp (D:5)
  4 oozes
  2 adder skeletons
  A worm (D:5)
  6 leopard geckos
  10 orcs
  7 giant cockroaches
  6 goblins
  4 hobgoblins
  9 jackals
  3 quokkas
  3 ball pythons
  11 bats
  12 frilled lizards
  15 kobolds
  A leopard gecko skeleton (D:5)
  A quokka skeleton (D:7)
  10 rats
197 creatures vanquished.

Notes
Turn   | Place    | Note
-------+----------+-------------------------------------------
     0 | D:1      | slep the Vine Stalker Gladiator began the quest for the Orb.
     0 | D:1      | Reached XP level 1. HP: 11/11 MP: 2/2
    49 | D:1      | Reached XP level 2. HP: 3/15 MP: 1/3
   257 | D:1      | Reached skill level 3 in Long Blades
   295 | D:1      | Reached XP level 3. HP: 13/18 MP: 4/4
   849 | D:3      | Gained mutation: Your natural rate of healing is unusually fast. [Vine Stalker growth]
   849 | D:3      | Reached XP level 4. HP: 6/23 MP: 5/5
   932 | D:4      | Noticed a slave
   933 | D:4      | Noticed a slave
   950 | D:4      | Killed a slave
  1085 | D:4      | Reached skill level 1 in Armour
  1109 | D:4      | Found a glowing drain.
  1119 | D:4      | Reached XP level 5. HP: 11/27 MP: 2/6
  1142 | Sewer    | Entered a sewer
  1227 | Sewer    | Noticed a big kobold
  1241 | Sewer    | Killed a big kobold
  1241 | Sewer    | Reached skill level 4 in Long Blades
  1266 | Sewer    | Found a glowing silver altar of Zin.
  1444 | D:4      | Reached XP level 6. HP: 27/32 MP: 7/7
  1472 | D:4      | Found a bloodstained altar of Trog.
  1499 | D:4      | Noticed Pikel
  1500 | D:4      | Noticed a slave
  1502 | D:4      | Noticed a slave
  1561 | D:4      | Killed Pikel
  1561 | D:4      | Reached skill level 5 in Long Blades
  1561 | D:4      | Reached skill level 1 in Stealth
  1561 | D:4      | Reached XP level 7. HP: 32/36 MP: 6/8
  1584 | D:4      | Found a glowing golden altar of the Shining One.
  1983 | D:3      | Noticed Ijyb
  1992 | D:3      | Gained mutation: You have razor-sharp teeth. [Vine Stalker growth]
  1992 | D:3      | Reached XP level 8. HP: 40/40 MP: 9/9
  2012 | D:3      | Killed Ijyb
  2134 | D:3      | Found a shimmering altar of Xom.
  2236 | D:3      | Noticed Terence
  2246 | D:3      | Killed Terence
  2246 | D:3      | Reached skill level 6 in Long Blades
  2500 | D:2      | Found a faded altar of an unknown god.
  3152 | D:5      | Entered Level 5 of the Dungeon
  3283 | D:5      | HP: 2/42 [centaur (1)]
  3288 | D:5      | Reached skill level 7 in Long Blades
  3382 | D:5      | Reached XP level 9. HP: 27/46 MP: 8/10
  3417 | D:5      | Noticed a troll
  3435 | D:5      | Killed a troll
  3441 | D:5      | Noticed Sigmund
  3451 | D:5      | Noticed a centaur warrior
  3451 | D:5      | Killed Sigmund
  3464 | D:5      | HP: 2/46 [centaur warrior/uncursed dagger (2)]
  3469 | D:5      | Killed a centaur warrior
  3469 | D:5      | Reached skill level 5 in Fighting
  3469 | D:5      | Reached skill level 8 in Long Blades
  4250 | D:6      | Reached skill level 5 in Stealth
  4273 | D:6      | Found a radiant altar of Vehumet.
  4276 | D:6      | Reached skill level 9 in Long Blades
  4319 | D:6      | Found an opulent altar of Gozag.
  4327 | D:6      | Reached XP level 10. HP: 43/51 MP: 11/11
  5026 | D:7      | Reached skill level 10 in Long Blades
  5097 | D:7      | Found a glowing golden altar of the Shining One.
  5122 | D:7      | Noticed Menkaure
  5126 | D:7      | Killed Menkaure
  5136 | D:7      | Found a staircase to the Ecumenical Temple.
  5143 | Temple   | Entered the Ecumenical Temple
  5181 | Temple   | Became a worshipper of Warmaster Okawaru
  5243 | D:7      | Noticed Prince Ribbit
  5262 | D:7      | Killed Prince Ribbit
  5262 | D:7      | Reached skill level 5 in Dodging
  5281 | D:7      | Slain by an unseen horror

Vault maps used:
D:1:      lemuel_arrival_hallway, minmay_lizard_king
D:2:      chequers_ecumenical_altar_simple
D:3:      tgw_xom, first_bread, kennysheep_generic_room_16, uniq_ijyb,
          uniq_terence
D:4:      nicolae_overflow_crystal_walls, kennysheep_mini, portal_sewer_entry_a,
          kennysheep_boxes, uniq_pikel
D:5:      cheibrodos_fzero, uniq_sigmund
D:6:      old_standard_altar, nicolae_gozag_cash_rules_everything_around_me,
          minivault_25, kennysheep_generic_room_3
D:7:      minmay_temple_entry_fiery, grunt_livestock, glass_columns_a,
          tso_altar, uniq_prince_ribbit1, uniq_menkaure
Temple:   regret_index_temple_waves
Sewer:    sewer_kobolds

Skill      XL: |  1  2  3  4  5  6  7  8  9 10 |
---------------+-------------------------------+-----
Throwing       | 2 |  2.4
Long Blades    | 3 4 5 7 9 10 | 10.1
Fighting       | 2 3 4 5 6 |  6.1
Armour         | 1 3 4 |  4.7
Dodging        | 3 4 5 |  5.0
Stealth        | 1 3 5 6 |  6.2

Action                   |  1- 3 |  4- 6 |  7- 9 | 10-12 || total
-------------------------+-------+-------+-------+-------++-------
Melee: Long sword        |    92 |    70 |   199 |    73 ||   434
       Bite              |    26 |    32 |    75 |    28 ||   161
Throw: Throwing net      |       |       |     2 |       ||     2
       Javelin           |       |       |       |     6 ||     6
  Use: Potion            |       |       |       |     6 ||     6
 Stab: Sleeping          |     1 |     1 |     9 |     2 ||    13
  Eat: Chunk             |       |     2 |    10 |     3 ||    15
Armor: Leather armour    |    37 |    11 |    44 |    27 ||   119
Dodge: Dodged            |    89 |    57 |   136 |    57 ||   339
       Rpst.: Long sword |    31 |    22 |    38 |    23 ||   114

Table legend:
 A = Spawn XP
 B = Non-spawn XP
 C = Spawn XP percentage of total XP
 D = Spawn monster count
 E = Non-spawn monster count
 F = Spawn count percentage of total count
 G = Total turns spent on level
                    A         B        C        D         E        F      G
               +---------+---------+-------+---------+---------+-------+---------
         Total |       0 |    7817 |   0.0 |       0 |     196 |   0.0 |  5281
               +---------+---------+-------+---------+---------+-------+---------
           D:1 |       0 |      64 |   0.0 |       0 |      38 |   0.0 |   799
           D:2 |       0 |     144 |   0.0 |       0 |      18 |   0.0 |   610
           D:3 |       0 |     264 |   0.0 |       0 |      30 |   0.0 |   730
           D:4 |       0 |     961 |   0.0 |       0 |      19 |   0.0 |   921
           D:5 |       0 |    2572 |   0.0 |       0 |      28 |   0.0 |   801
           D:6 |       0 |     786 |   0.0 |       0 |      19 |   0.0 |   678
           D:7 |       0 |    2919 |   0.0 |       0 |      35 |   0.0 |   478
         Sewer |       0 |     107 |   0.0 |       0 |       9 |   0.0 |   195
               +---------+---------+-------+---------+---------+-------+---------
